 Dungeon Crawl Stone Soup version 0.23.2-30-g0e89c35649 (webtiles) character file.

Game seed: 14208753715274555443

28 MalarOregon the Digger (level 3, 0/28 HPs)
             Began as a Ghoul Earth Elementalist on June 7, 2019.
             Slain by Natasha (6 damage)
             ... on level 2 of the Dungeon.
             The game lasted 00:02:40 (682 turns).

MalarOregon the Digger (Ghoul Earth Elementalist)    Turns: 682, Time: 00:02:41

Health: 0/28       AC:  2    Str: 11    XL:     3   Next: 14%
Magic:  3/5        EV: 12    Int: 11    God:
Gold:   70         SH:  0    Dex:  9    Spells: 5/6 levels left

rFire    . . .     SeeInvis .   f - +3 short sword
rCold    + . .     Gourm    .   (no shield)
rNeg     + + +     Faith    .   c - +0 robe
rPois    ∞         Spirit   .   (no helmet)
rElec    .         Reflect  .   (no cloak)
rCorr    .         Harm     .   (no gloves)
MR       .....                  (no boots)
Stlth    ++........             (no amulet)
HPRegen  0.00/turn              (no ring)
MPRegen  0.09/turn              (no ring)

@: rotting
A: rotting body, claws 1, carnivore, cold resistance 1, negative energy
resistance 3, inhibited regeneration, torment resistance, unbreathing
a: no special abilities


You were on level 2 of the Dungeon.
You were not hungry.

You visited 1 branch of the dungeon, and saw 2 of its levels.

You collected 70 gold pieces.

Inventory:

Hand Weapons
 f - a +3 short sword (weapon)
   (You found it on level 1 of the Dungeon)
Missiles
 b - 89 stones (quivered)
 d - 5 javelins
Armour
 c - a +0 robe (worn)
Jewellery
 m - an uncursed ring of resist corrosion {unknown}
   (You found it on level 1 of the Dungeon)
Scrolls
 a - a scroll of teleportation {unknown}
 h - a scroll of magic mapping {unknown}
 j - a scroll of identify {unknown}
 k - a scroll of remove curse {unknown}
 l - a scroll of noise {unknown}
Potions
 i - 3 potions of heal wounds {unknown}
 n - 2 potions of flight {unknown}
Comestibles
 e - 3 rations {!d}


   Skills:
 * Level 1.3 Fighting
 + Level 2.0 Dodging
 + Level 2.4 Stealth
 * Level 2.1 Spellcasting
   Level 0.8 Transmutations
 * Level 3.6 Earth Magic


You had 5 spell levels left.
You knew the following spells:

 Your Spells              Type           Power        Failure   Level  Hunger
a - Sandblast             Erth           #.....       6%          1    ##.....

Your spell library contained the following spells:

 Spells                   Type           Power        Failure   Level  Hunger
 Passwall                 Tmut/Erth      #.......     17%         2    ###....
 Stone Arrow              Conj/Erth      #.....       38%         3    ####...
 Petrify                  Tmut/Erth      #.......     75%         4    #####..
 Lee's Rapid Deconstruct  Erth           #.........   87%         5    ######.


Dungeon Overview and Level Annotations

Branches:
Dungeon (2/15)

Altars:

Annotations:
D:2 Natasha


Innate Abilities, Weirdness & Mutations

Your body is rotting away.
You thrive on raw meat.
You are immune to poison.
You have sharp fingernails.
You are carnivorous and can eat meat at any time.
Your flesh is cold resistant. (rC+)
You are immune to negative energy. (rN+++)
You do not regenerate when monsters are visible.
You are immune to unholy pain and torment.
You can survive without breathing.


Message History

No target in view!
No target in view!
Found a ration.
Found a stone staircase leading down.
There is a stone staircase leading down here.
e - 3 rations {!d} (gained 1)
A rat comes into view.
The helpless rat fails to defend itself.
You hit the rat.
You kill the rat!
You feel your flesh rotting away.
Eating one of 5 chunks of flesh.
You eat one of the 5 chunks of flesh.
You feel more resilient.
This raw flesh tastes great!
You see here a +0 dagger.
Key pressed, stopping explore.
No target in view!
Some of the chunks of flesh in your inventory have rotted away.
Some of the chunks of flesh in your inventory have rotted away.
Key pressed, stopping explore.
Done exploring.
No target in view!
Done exploring.
Done exploring.
No target in view!
Done exploring.
All of the chunks of flesh in your inventory have rotted away.
There is a stone staircase leading down here.
You climb downwards.
There is a stone staircase leading up here.
Found 18 stones and a sapphire potion.
n - 2 sapphire potions (gained 1)
b - 91 stones (gained 18) Natasha, Servant of Life and Death comes into view.
Natasha hisses angrily.
Natasha casts a spell at you. The magic dart hits you.
Natasha barely misses you.
You closely miss Natasha. Natasha claws you but does no damage.
You closely miss Natasha. Natasha claws you!
* * * LOW HITPOINT WARNING * * *
Okay, then.
Aim: Natasha The blast of sand hits Natasha.
b - 90 stones Natasha claws you!
* * * LOW HITPOINT WARNING * * *
Aim: Natasha (lightly wounded)
The blast of sand hits Natasha!
b - 89 stones Natasha claws you.
You die...

#....#
#....#
#....+
#....#######
#.#.........
#.#.#######.
#.#.#.....#
#.#.......#
#@#.#.#####
#h###.#...#
#.# #.#.#.#
#.# #.#.#.#
#.# #.#.#.#
#.# #.#<#.#
#.# #.###.#
#.# #.....#
#######


You could see Natasha.

Vanquished Creatures
  A leopard gecko (D:1)
  2 ball pythons (D:1)
  6 bats (D:1)
  A giant cockroach (D:1)
  2 goblins (D:1)
  3 hobgoblins (D:1)
  2 jackals (D:1)
  A kobold (D:1)
  2 frilled lizards (D:1)
  6 rats (D:1)
26 creatures vanquished.

Notes
Turn   | Place    | Note
-------+----------+-------------------------------------------
     0 | D:1      | MalarOregon the Ghoul Earth Elementalist began the quest
                  | for the Orb.
     0 | D:1      | Reached XP level 1. HP: 14/14 MP: 2/2
   127 | D:1      | Reached XP level 2. HP: 19/22 MP: 3/3
   269 | D:1      | Reached skill level 1 in Fighting
   351 | D:1      | Reached XP level 3. HP: 24/28 MP: 5/5
   673 | D:2      | Noticed Natasha
   682 | D:2      | Slain by Natasha

Skill      XL: |  1  2 |
---------------+-------+-----
Spellcasting   | 2 |  2.1
Fighting       | 1 |  1.3
Dodging        | 2 |  2.0
Stealth        | |  2.4
Transmutations | |  0.8
Earth Magic    | |  3.6

Action                   || total
-------------------------++-------
Melee: Short sword       ||    78
 Cast: Sandblast         ||     2
 Stab: Sleeping          ||     5
  Eat: Chunk             ||    15
Armor: Robe              ||    23
Dodge: Dodged            ||    65
